| TOP OF THE 1ST |
|
New Orleans Zephyrs batting - Pitching for Louisville Bats : LHP Elijah McLeod
|
|
Pitching: LHP Elijah McLeod
|
|
|
Batting: LHB Jose Bregaro
|
0-0: Ground out 5-3 (Groundball, 6, EV 90.6 MPH)
|
|
Batting: RHB Boof Howell
|
0-0: Ball 1-0: Swinging Strike 1-1: SINGLE (Groundball, 34D, EV 106.2 MPH)
|
|
Batting: RHB Akira Suzuki
|
0-0: Ball 1-0: Ground out 4-3 (Groundball, 4, EV 89.4 MPH) Boof Howell to second
|
|
Batting: SHB Dan Zink
|
0-0: Ball 1-0: Ball 2-0: Ball 3-0: Called Strike 3-1: Base on Balls
|
|
Batting: RHB Jim Fisher
|
0-0: Foul Ball, location: 2F 0-1: Ball 1-1: Ground out 3-1 (Groundball, 34, EV 88.1 MPH)
|
| Top of the 1st over - 0 runs, 1 hit, 0 errors, 2 left on base; New Orleans 0 - Louisville 0 |
| BOTTOM OF THE 1ST |
|
Louisville Bats batting - Pitching for New Orleans Zephyrs : RHP Pat Proctor
|
|
Pitching: RHP Pat Proctor
|
|
|
Batting: RHB Solange Le Coq
|
0-0: Ball 1-0: Ball 2-0: Ball 3-0: Base on Balls
|
|
Batting: RHB Chase Briney
|
0-0: Ball 1-0: Called Strike 1-1: Ball 2-1: Foul Ball, location: 2F 2-2: Foul Ball, location: 2F 2-2: SINGLE (Groundball, 34, EV 108.8 MPH) Solange Le Coq to second Runner from 2nd tries for 3rd, SAFE, throw by RF made to third
|
|
Batting: RHB Bruno André
|
0-0: Ball 1-0: Ball 2-0: Ball 3-0: Base on Balls Chase Briney to second
|
|
Batting: SHB Freddie Farrar
|
0-0: Ball 1-0: Called Strike 1-1: Ball 2-1: Fly out, F7 (Line Drive, 7LM, EV 98.8 MPH) Runner from 3rd tags up, SCORES, no throw by LF
|
|
Batting: RHB Juan Reyes
|
0-0: Ball 1-0: Foul Ball, location: 2F 1-1: Ball 2-1: Called Strike 2-2: Foul Ball, location: 2F 2-2: Foul Ball, location: 2F 2-2: Fly out, F8 (Line Drive, 8RM, EV 110.6 MPH)
|
|
Batting: LHB Manny Ruvalcaba
|
0-0: Called Strike 0-1: Called Strike 0-2: Ground out 4-3 (Groundball, 4, EV 115.0 MPH)
|
| Bottom of the 1st over - 1 run, 1 hit, 0 errors, 2 left on base; New Orleans 0 - Louisville 1 |
| TOP OF THE 2ND |
|
New Orleans Zephyrs batting - Pitching for Louisville Bats : LHP Elijah McLeod
|
|
Batting: RHB Gavin Helton
|
0-0: Ball 1-0: Ball 2-0: Ball 3-0: Called Strike 3-1: Called Strike 3-2: Base on Balls
|
|
Batting: RHB Ryuki Ogasawara
|
0-0: Foul Ball, location: 2F 0-1: Ball 1-1: Ball Gavin Helton steals 2nd base 2-1: DOUBLE (Line Drive, 78M, EV 110.6 MPH) Gavin Helton scores
|
|
Batting: LHB Carlos Mosqueda
|
0-0: Called Strike 0-1: Foul Ball, location: 2F 0-2: Strikes out swinging
|
|
Batting: RHB John Jackson
|
0-0: Called Strike 0-1: Foul Ball, location: 2F 0-2: Strikes out swinging
|
|
Batting: LHB Jose Bregaro
|
0-0: Called Strike 0-1: Called Strike 0-2: Ball 1-2: Ball 2-2: Ball 3-2: Base on Balls
|
|
Batting: RHB Boof Howell
|
0-0: Ball 1-0: SINGLE (Groundball, 13S, EV 68.8 MPH) (infield hit) Ryuki Ogasawara to third Jose Bregaro to second
|
|
Batting: RHB Akira Suzuki
|
0-0: Called Strike 0-1: Called Strike 0-2: Ball 1-2: Ball 2-2: Fly out, F4 (Popup, 4S, EV 61.9 MPH)
|
| Top of the 2nd over - 1 run, 2 hits, 0 errors, 3 left on base; New Orleans 1 - Louisville 1 |
| BOTTOM OF THE 2ND |
|
Louisville Bats batting - Pitching for New Orleans Zephyrs : RHP Pat Proctor
|
|
Batting: RHB Chris Zamora
|
0-0: Foul Ball, location: 2F 0-1: Ball 1-1: Ball 2-1: Swinging Strike 2-2: Ball 3-2: SINGLE (Groundball, 6MD, EV 101.2 MPH)
|
|
Batting: RHB Colin Lord
|
0-0: Ball 1-0: Ball 2-0: Ball 3-0: Base on Balls Chris Zamora to second
|
|
Batting: RHB Jung-keun Bai
|
0-0: Ball 1-0: Ball 2-0: Foul Ball, location: 2F 2-1: Called Strike 2-2: Ball 3-2: Grounds into double play, 5-4-3 (Groundball, 56, EV 99.4 MPH) Chris Zamora to third
|
|
Batting: RHB Solange Le Coq
|
0-0: Ball 1-0: Ball 2-0: Ball 3-0: Base on Balls
|
|
Batting: RHB Chase Briney
|
0-0: Ball 1-0: Ball 2-0: Called Strike 2-1: Swinging Strike 2-2: Strikes out swinging
|
| Bottom of the 2nd over - 0 runs, 1 hit, 0 errors, 2 left on base; New Orleans 1 - Louisville 1 |
| TOP OF THE 3RD |
|
New Orleans Zephyrs batting - Pitching for Louisville Bats : LHP Elijah McLeod
|
|
Batting: SHB Dan Zink
|
0-0: Ground out 6-3 (Groundball, 6, EV 104.4 MPH)
|
|
Batting: RHB Jim Fisher
|
0-0: Fly out, F9 (Flyball, 9, EV 93.8 MPH)
|
|
Batting: RHB Gavin Helton
|
0-0: SINGLE (Groundball, 56D, EV 102.5 MPH)
|
|
Batting: RHB Ryuki Ogasawara
|
0-0: Ball Gavin Helton steals 2nd base (no throw) 1-0: Foul Ball, location: 2F 1-1: Ball 2-1: Called Strike 2-2: Ground out 5-3 (Groundball, 56, EV 102.5 MPH)
|
| Top of the 3rd over - 0 runs, 1 hit, 0 errors, 1 left on base; New Orleans 1 - Louisville 1 |
| BOTTOM OF THE 3RD |
|
Louisville Bats batting - Pitching for New Orleans Zephyrs : RHP Pat Proctor
|
|
Batting: RHB Bruno André
|
0-0: Ball 1-0: Called Strike 1-1: Ball 2-1: Ball 3-1: Foul Ball, location: 2F 3-2: Base on Balls
|
|
Batting: SHB Freddie Farrar
|
0-0: Ground out 6-3 (Groundball, 6M, EV 81.9 MPH) Bruno André to second
|
|
Batting: RHB Juan Reyes
|
0-0: Ball 1-0: Ball 2-0: Ball 3-0: Base on Balls
|
|
Batting: LHB Manny Ruvalcaba
|
0-0: Fielders Choice at 2nd, 4-6 (Groundball, 4, EV 91.2 MPH) Bruno André to third
|
|
Batting: RHB Chris Zamora
|
0-0: Called Strike 0-1: Foul Ball, location: 2F 0-2: Ball 1-2: Fly out, F7 (Flyball, 7D, EV 88.1 MPH)
|
| Bottom of the 3rd over - 0 runs, 0 hits, 0 errors, 2 left on base; New Orleans 1 - Louisville 1 |
| TOP OF THE 4TH |
|
New Orleans Zephyrs batting - Pitching for Louisville Bats : LHP Elijah McLeod
|
|
Batting: LHB Carlos Mosqueda
|
0-0: Foul Ball, location: 2F 0-1: SINGLE (Groundball, 56D, EV 103.1 MPH)
|
|
Batting: RHB John Jackson
|
0-0: Called Strike 0-1: Swinging Strike 0-2: Ball 1-2: Strikes out looking
|
|
Batting: LHB Jose Bregaro
|
0-0: Foul Ball, location: 2F 0-1: SINGLE (Flyball, 7LS, EV 94.4 MPH) Carlos Mosqueda to second
|
|
Batting: RHB Boof Howell
|
0-0: Ball 1-0: Foul Ball, location: 2F 1-1: Ball 2-1: Called Strike 2-2: Foul Ball, location: 2F 2-2: Ball 3-2: Reached on error, E7 (Flyball, 7D, EV 71.9 MPH) Carlos Mosqueda scores Jose Bregaro to third
|
|
Batting: RHB Akira Suzuki
|
0-0: Foul Ball, location: 2F 0-1: Ball 1-1: Ball 2-1: SINGLE (Line Drive, 89S, EV 90.0 MPH) Jose Bregaro scores Boof Howell to third
|
|
Batting: SHB Dan Zink
|
0-0: Called Strike 0-1: SINGLE (Groundball, 4MD, EV 105.0 MPH) Boof Howell scores Akira Suzuki to second
|
|
Batting: RHB Jim Fisher
|
0-0: Ball 1-0: Ball 2-0: Ball 3-0: Base on Balls Akira Suzuki to third Dan Zink to second
|
|
Batting: RHB Gavin Helton
|
0-0: Ball 1-0: Foul Ball, location: 2F 1-1: Fly out, F8 (Flyball, 8RM, EV 91.9 MPH)
|
|
Batting: RHB Ryuki Ogasawara
|
0-0: Called Strike 0-1: Fielders Choice at 2nd, 6-4 (Groundball, 6, EV 103.1 MPH)
|
| Top of the 4th over - 3 runs, 4 hits, 1 error, 3 left on base; New Orleans 4 - Louisville 1 |
| BOTTOM OF THE 4TH |
|
Louisville Bats batting - Pitching for New Orleans Zephyrs : RHP Pat Proctor
|
|
Batting: RHB Colin Lord
|
0-0: Called Strike 0-1: SINGLE (Groundball, 6MD, EV 103.1 MPH)
|
|
Batting: RHB Jung-keun Bai
|
0-0: Ball 1-0: Ball 2-0: Called Strike 2-1: Swinging Strike 2-2: Strikes out swinging
|
|
Batting: RHB Solange Le Coq
|
0-0: Called Strike 0-1: Ball 1-1: Grounds into double play, 4-6-3 (Groundball, 34S, EV 87.5 MPH)
|
| Bottom of the 4th over - 0 runs, 1 hit, 0 errors, 0 left on base; New Orleans 4 - Louisville 1 |
| TOP OF THE 5TH |
|
New Orleans Zephyrs batting - Pitching for Louisville Bats : LHP Elijah McLeod
|
|
Batting: LHB Carlos Mosqueda
|
0-0: Called Strike 0-1: Called Strike 0-2: Strikes out swinging
|
|
Batting: RHB John Jackson
|
0-0: Ball 1-0: Swinging Strike 1-1: Ball 2-1: SINGLE (Groundball, 56, EV 98.1 MPH)
|
|
Batting: LHB Jose Bregaro
|
0-0: Ball 1-0: Fly out, F8 (Flyball, 78M, EV 91.2 MPH)
|
|
Batting: RHB Boof Howell
|
0-0: Ball 1-0: Foul Ball, location: 2F 1-1: Ball John Jackson steals 2nd base 2-1: SINGLE (Line Drive, 56D, EV 99.4 MPH) John Jackson to third Runner from 3rd tries for Home, SAFE, throw by LF to home
|
|
Pitching: RHP Whitney Batten
|
|
|
Batting: RHB Akira Suzuki
|
0-0: Ball Passed Ball! Boof Howell to second 1-0: Ball 2-0: Foul Ball, location: 2F 2-1: Called Strike 2-2: Fly out, F4 (Popup, 34S, EV 75.0 MPH)
|
| Top of the 5th over - 1 run, 2 hits, 0 errors, 1 left on base; New Orleans 5 - Louisville 1 |
| BOTTOM OF THE 5TH |
|
Louisville Bats batting - Pitching for New Orleans Zephyrs : RHP Pat Proctor
|
|
Batting: RHB Chase Briney
|
0-0: Ground out U3 (Groundball, 13, EV 87.5 MPH)
|
|
Batting: RHB Bruno André
|
0-0: Ball 1-0: Called Strike 1-1: Foul Ball, location: 2F 1-2: Ball 2-2: DOUBLE (Flyball, 8LXD, EV 93.1 MPH)
|
|
Batting: SHB Freddie Farrar
|
0-0: Ball 1-0: Swinging Strike 1-1: SINGLE (Line Drive, 8RS, EV 100.6 MPH) Bruno André to third Runner from 3rd tries for Home, SAFE, throw by CF to home
|
|
Now in CF: David Doge
|
|
|
Batting: RHB Juan Reyes
|
0-0: Ball 1-0: Ball 2-0: Ball 3-0: Called Strike 3-1: Foul Ball, location: 2F 3-2: Base on Balls Freddie Farrar to second
|
|
Batting: LHB Manny Ruvalcaba
|
0-0: DOUBLE (Line Drive, 89M, EV 91.9 MPH) Freddie Farrar scores Juan Reyes to third Runner from 3rd tries for Home, throw by CF and OUT! 8-4-2 Manny Ruvalcaba to third
|
|
Batting: RHB Chris Zamora
|
0-0: Ball 1-0: Foul Ball, location: 2F 1-1: Ball 2-1: Ball 3-1: DOUBLE (Groundball, 5L, EV 111.2 MPH) Manny Ruvalcaba scores
|
|
Pitching: RHP Campbell Wagenmakers
|
|
|
Batting: RHB Colin Lord
|
0-0: Swinging Strike 0-1: Fly out, F8 (Flyball, 8LD, EV 93.8 MPH)
|
| Bottom of the 5th over - 3 runs, 4 hits, 0 errors, 1 left on base; New Orleans 5 - Louisville 4 |
| TOP OF THE 6TH |
|
New Orleans Zephyrs batting - Pitching for Louisville Bats : RHP Whitney Batten
|
|
Batting: SHB Dan Zink
|
0-0: Called Strike 0-1: Ground out U3 (Groundball, 3S, EV 84.4 MPH)
|
|
Batting: RHB Jim Fisher
|
0-0: Ground out U3 (Groundball, 3L, EV 83.8 MPH)
|
|
Batting: RHB Gavin Helton
|
0-0: Called Strike 0-1: Called Strike 0-2: Ball 1-2: Ball 2-2: Foul Ball, location: 2F 2-2: Ball 3-2: Base on Balls
|
|
Batting: LHB David Doge
|
0-0: Ball 1-0: Ball 2-0: Ball 3-0: Base on Balls Gavin Helton to second
|
|
Batting: LHB Carlos Mosqueda
|
0-0: Ball 1-0: SINGLE (Groundball, 4, EV 99.4 MPH) Gavin Helton to third David Doge to second Runner from 3rd tries for Home, SAFE, throw by CF to home
|
|
Batting: RHB John Jackson
|
0-0: Ball Wild Pitch! David Doge to third Carlos Mosqueda to second 1-0: Ground out 6-3 (Groundball, 6S, EV 85.0 MPH)
|
| Top of the 6th over - 1 run, 1 hit, 0 errors, 2 left on base; New Orleans 6 - Louisville 4 |
| BOTTOM OF THE 6TH |
|
Louisville Bats batting - Pitching for New Orleans Zephyrs : RHP Campbell Wagenmakers
|
|
Batting: RHB Jung-keun Bai
|
0-0: Ball 1-0: SINGLE (Groundball, 34D, EV 99.4 MPH)
|
|
Batting: RHB Solange Le Coq
|
0-0: Called Strike 0-1: Ball 1-1: DOUBLE (Line Drive, 89D, EV 104.4 MPH) Jung-keun Bai to third
|
|
Batting: RHB Chase Briney
|
0-0: Ball 1-0: Called Strike 1-1: Ball 2-1: SINGLE (Line Drive, 8LS, EV 96.2 MPH) Jung-keun Bai scores Solange Le Coq to third Runner from 3rd tries for Home, SAFE, throw by CF to home
|
|
Batting: RHB Bruno André
|
0-0: Ball 1-0: Ball 2-0: DOUBLE (Groundball, 5L, EV 104.4 MPH) Chase Briney to third Runner from 3rd tries for Home, SAFE, throw by LF to home
|
|
Pitching: RHP Giampaolo Nobile
|
|
|
Batting: SHB Freddie Farrar
|
0-0: DOUBLE (Flyball, 89D, EV 106.9 MPH) Bruno André scores
|
|
Batting: RHB Juan Reyes
|
0-0: Fly out, F8 (Flyball, 8LXD, EV 82.5 MPH) Runner from 2nd tags up, SAFE at 3rd, no throw by CF
|
|
Batting: LHB Manny Ruvalcaba
|
0-0: Called Strike 0-1: Foul Ball, location: 2F 0-2: Ball 1-2: Foul Ball, location: 2F 1-2: SINGLE (Line Drive, 78S, EV 109.4 MPH) Freddie Farrar scores
|
|
Batting: RHB Chris Zamora
|
0-0: Foul Ball, location: 2F 0-1: Ball 1-1: Ball 2-1: Grounds into double play, 3-6-3 (Groundball, 3, EV 104.4 MPH)
|
| Bottom of the 6th over - 5 runs, 6 hits, 0 errors, 0 left on base; New Orleans 6 - Louisville 9 |
| TOP OF THE 7TH |
|
New Orleans Zephyrs batting - Pitching for Louisville Bats : RHP Whitney Batten
|
|
Pitching: LHP Zach Masengill
|
|
|
Batting: LHB Jose Bregaro
|
0-0: Ball 1-0: Foul Ball, location: 2F 1-1: SINGLE (Groundball, 34D, EV 97.5 MPH)
|
|
Batting: RHB Boof Howell
|
0-0: Sac Bunt to 13S - play at first, batter OUT! 1-3 Jose Bregaro to second
|
|
Batting: RHB Akira Suzuki
|
0-0: Ball 1-0: Called Strike 1-1: Ball 2-1: Ball 3-1: Base on Balls
|
|
Batting: SHB Dan Zink
|
0-0: Ball 1-0: Ball 2-0: Ball 3-0: Called Strike 3-1: SINGLE (Line Drive, 4D, EV 95.0 MPH) Jose Bregaro to third Akira Suzuki to second Runner from 3rd tries for Home, SAFE, throw by CF to home
|
|
Batting: RHB Jim Fisher
|
0-0: Called Strike 0-1: Ball 1-1: SINGLE (Groundball, 4MD, EV 108.1 MPH) Akira Suzuki to third Dan Zink to second Runner from 3rd tries for Home, SAFE, throw by CF to home
|
|
Pinch Runner at 2nd Mike Kara:
|
|
|
Batting: RHB Gavin Helton
|
0-0: Ball 1-0: SINGLE (Groundball, 6MD, EV 100.0 MPH) Mike Kara to third Jim Fisher to second
|
|
Batting: LHB David Doge
|
0-0: Called Strike 0-1: Ball 1-1: Ball 2-1: Ball 3-1: Fly out, F7 (Line Drive, 78M, EV 96.2 MPH) Runner from 3rd tags up, SCORES, no throw by LF
|
|
Pinch Runner at 2nd Dale Young:
|
|
|
Pinch Hitting: RHB Alex Gomez
|
0-0: Ball 1-0: Ball 2-0: Called Strike 2-1: Swinging Strike 2-2: Strikes out swinging
|
| Top of the 7th over - 3 runs, 4 hits, 0 errors, 2 left on base; New Orleans 9 - Louisville 9 |
| BOTTOM OF THE 7TH |
|
Louisville Bats batting - Pitching for New Orleans Zephyrs : RHP Giampaolo Nobile
|
|
Pitching: RHP Pat Siebert
|
|
|
Now at 1B: Jeff Tavella
|
|
|
Now in RF: Torquato Obawole
|
|
|
Pinch Hitting: LHB Jake Bill
|
0-0: DOUBLE (Line Drive, 9LS, EV 90.6 MPH)
|
|
Pinch Runner at 2nd Paul Sandoval:
|
|
|
Batting: RHB Jung-keun Bai
|
0-0: Swinging Strike 0-1: Swinging Strike 0-2: Foul Ball, location: 2F 0-2: Ground out 4-3 (Groundball, 4, EV 85.6 MPH) Paul Sandoval to third
|
|
Batting: RHB Solange Le Coq
|
0-0: SINGLE (Groundball, 56D, EV 95.6 MPH) Paul Sandoval scores
|
|
Batting: RHB Chase Briney
|
0-0: Ball Solange Le Coq steals 2nd base 1-0: Ball 2-0: Foul Ball, location: 2F 2-1: Ground out 4-3 (Groundball, 4, EV 87.5 MPH) Solange Le Coq to third
|
|
Batting: RHB Bruno André
|
0-0: Ball 1-0: Ball 2-0: Ball 3-0: Foul Ball, location: 2F 3-1: SINGLE (Groundball, 4MD, EV 104.4 MPH) Solange Le Coq scores
|
|
Batting: SHB Freddie Farrar
|
0-0: Ball 1-0: Ground out 4-3 (Groundball, 34, EV 91.2 MPH)
|
| Bottom of the 7th over - 2 runs, 3 hits, 0 errors, 1 left on base; New Orleans 9 - Louisville 11 |
| TOP OF THE 8TH |
|
New Orleans Zephyrs batting - Pitching for Louisville Bats : LHP Zach Masengill
|
|
Pitching: RHP Mikihiro Kawai
|
|
|
Now at SS: Paul Sandoval
|
|
|
Batting: RHB John Jackson
|
0-0: Ball 1-0: Ball 2-0: Called Strike 2-1: SOLO HOME RUN (Line Drive, 78XD, EV 105.6 MPH), Distance : 411 ft
|
|
Batting: LHB Jose Bregaro
|
0-0: Swinging Strike 0-1: Fly out, F9 (Flyball, 9S, EV 85.6 MPH)
|
|
Batting: RHB Boof Howell
|
0-0: Called Strike 0-1: Ball 1-1: Swinging Strike 1-2: Foul Ball, location: 2F 1-2: Strikes out swinging
|
|
Batting: RHB Akira Suzuki
|
0-0: Swinging Strike 0-1: Fly out, F8 (Flyball, 8LXD, EV 92.5 MPH)
|
| Top of the 8th over - 1 run, 1 hit, 0 errors, 0 left on base; New Orleans 10 - Louisville 11 |
| BOTTOM OF THE 8TH |
|
Louisville Bats batting - Pitching for New Orleans Zephyrs : RHP Pat Siebert
|
|
Batting: RHB Juan Reyes
|
0-0: Ball 1-0: Fly out, F8 (Flyball, 8RS, EV 81.9 MPH)
|
|
Batting: LHB Manny Ruvalcaba
|
0-0: Foul Ball, location: 2F 0-1: Called Strike 0-2: Ground out 5-3 (Groundball, 56, EV 99.4 MPH)
|
|
Batting: RHB Chris Zamora
|
0-0: Ball 1-0: Foul Ball, location: 2F 1-1: Ground out 4-3 (Groundball, 4MD, EV 109.4 MPH)
|
| Bottom of the 8th over - 0 runs, 0 hits, 0 errors, 0 left on base; New Orleans 10 - Louisville 11 |
| TOP OF THE 9TH |
|
New Orleans Zephyrs batting - Pitching for Louisville Bats : RHP Mikihiro Kawai
|
|
Pitching: RHP Justin Ambrose
|
|
|
Batting: RHB Torquato Obawole
|
0-0: Ball 1-0: Called Strike 1-1: Ball 2-1: Ball 3-1: Foul Ball, location: 2F 3-2: Base on Balls
|
|
Batting: RHB Dale Young
|
0-0: Foul Ball, location: 2F 0-1: Called Strike 0-2: Strikes out looking
|
|
Batting: RHB Gavin Helton
|
0-0: Called Strike 0-1: Ball 1-1: Called Strike 1-2: Strikes out swinging
|
|
Batting: LHB David Doge
|
0-0: Ball 1-0: Ground out U3 (Groundball, 34, EV 97.5 MPH)
|
| Top of the 9th over - 0 runs, 0 hits, 0 errors, 1 left on base; New Orleans 10 - Louisville 11 |
|